 Dungeon Crawl Stone Soup version 0.28.0-53-g5a82cb258f (webtiles) character file.

Game seed: 6468874826748292709

51 LynnLen the Sneak (level 3, -1/24 HPs)
             Began as a Vampire Enchanter on Aug 8, 2022.
             Slain by an adder (3 damage)
             ... on level 3 of the Dungeon.
             The game lasted 00:06:27 (2024 turns).

LynnLen the Sneak (Vampire Enchanter)               Turns: 2024, Time: 00:06:27

Health: -1/24      AC:  2    Str:  7    XL:     3   Next: 58%
Magic:  3/6        EV: 12    Int: 17    God:
Gold:   38         SH:  0    Dex: 16    Spells: 3/6 levels left

rFire   + . .      SeeInvis +   a - +1 dagger
rCold   + . .      Faith    .   (no shield)
rNeg    . . .      Spirit   .   b - +0 robe
rPois   +          Reflect  .   (no helmet)
rElec   +          Harm     .   (no cloak)
rCorr   +          Rampage  .   (no gloves)
Will    .....                   (no boots)
Stlth   +++.......              (no amulet)
HPRegen 0.28/turn               (no ring)
MPRegen 0.10/turn               (no ring)

@: lethally poisoned (-1 -> -3), resistant, flying, healing quickly
A: alive, fangs 3, see invisible, vampiric 2
a: Exsanguinate


You were on level 3 of the Dungeon.
You visited 1 branch of the dungeon, and saw 3 of its levels.

You collected 52 gold pieces.
You spent 14 gold pieces at shops.

Inventory:

Hand Weapons
 a - a +1 dagger (weapon)
Missiles
 j - 5 poisoned darts
 m - 18 stones
Armour
 b - a +0 robe (worn)
Scrolls
 e - a scroll of fear
 h - a scroll of teleportation
Potions
 c - 2 potions of invisibility
 d - a potion of mutation {unknown}
 f - a potion of heal wounds {unknown}
 g - a potion of lignification {unknown}
 i - a potion of flight
 k - a potion of resistance
 l - a potion of curing {unknown}


   Skills:
 * Level 3.2 Short Blades
 - Level 2.1 Dodging
 + Level 5.4 Stealth
 - Level 2.0 Spellcasting
 - Level 4.4 Hexes


You had 3 spell levels left.
You knew the following spells:

 Your Spells              Type           Power      Damage    Failure   Level
a - Confusing Touch       Hex            16%        N/A       10%         3

Your spell library contained the following spells:

 Spells                   Type           Power      Damage    Failure   Level
 Tukima's Dance           Hex            16%        N/A       10%         3
 Ensorcelled Hibernation  Hex/Ice        18%        N/A       12%         2
 Animate Skeleton         Necr           2%         N/A       19%         1
 Pain                     Necr           4%         1d4       19%         1
 Dazzling Flash           Conj/Hex       18%        N/A       24%         3
 Vampiric Draining        Necr           1%         2d6       50%         3


Dungeon Overview and Level Annotations

Branches:
Dungeon (3/15)

Altars:

Shops:
D:1 !   D:2 (

Portals:
Sewer: D:3


Innate Abilities, Weirdness & Mutations

Your natural rate of healing is accelerated.
You have razor-sharp teeth.
You have supernaturally acute eyesight. (SInv)
You are afflicted with vampirism and can become a bat while bloodless.


Message History

You flicker back into view.
The adder hisses angrily. x2
You hit the giant cockroach. Your bite misses the giant cockroach.
The giant cockroach is heavily wounded.
The adder closely misses you. The giant cockroach bites you.
* * * LOW HITPOINT WARNING * * *
The adder barely misses you.
Casting: Confusing Touch (quite dangerous; 10% risk of failure)
Press: ? - help, Q - select action, (/) - cycle Dir - look around, f - activate Your hands begin to glow red.
The adder closely misses you. The adder completely misses you.
You hit the adder but do no damage.
The adder appears confused.
The adder is moderately wounded.
The adder barely misses itself.
You barely miss the adder.
The adder is moderately wounded.
The adder closely misses the adder.
The adder barely misses itself.
You hit the adder.
The adder is moderately wounded.
You hit the adder.
The adder is heavily wounded.
You hit the adder but do no damage.
The adder is heavily wounded.
The adder completely misses you.
You hit the adder.
The adder is heavily wounded.
The adder bites you.
* * * LOW HITPOINT WARNING * * *
You are lethally poisoned!
The adder poisons you!
The adder closely misses itself.
You catch the helpless adder completely off-guard!
You puncture the adder!
You kill the adder!
* * * LOW HITPOINT WARNING * * *
You feel sick.
You hit the adder.
The adder is lightly wounded.
* * * LOW HITPOINT WARNING * * *
You feel sick. The adder bites you.
You die...

# ##.....#....##....# ...
.
#....)..........####.###..
#...........#...##........
#.......#.....#.......#
##†....##...#####....##
#.......#...# ##...#
#.....>.#...# #...#
#.......(...######...# ##
##.....#.....@SSB....# .##
##...##.#######S.#### ..##
####...#≈≈≈≈≈#B.# ...#
#...#.#≈≈∩≈≈'..#
...##...###.#≈≈≈≈≈#..#
.<....# #.#######..#
..#### #...........# ...#
########....# ...# ######


You could see 3 adders and 2 giant cockroaches.

Vanquished Creatures
  2 adders
  A dart slug (D:1)
  4 ball pythons
  4 endoplasms (D:2)
  A giant cockroach (D:1)
  3 goblins
  3 hobgoblins
  2 kobolds (D:2)
  2 quokkas
  2 frilled lizards
  5 rats
29 creatures vanquished.

Notes
Turn   | Place    | Note
-------+----------+-------------------------------------------
     0 | D:1      | LynnLen the Vampire Enchanter began the quest for the Orb.
     0 | D:1      | Reached XP level 1. HP: 13/13 MP: 3/3
   108 | D:1      | Found Xann's Distillery.
   364 | D:1      | Reached XP level 2. HP: 16/19 MP: 5/5
   424 | D:1      | Bought a potion of degeneration for 14 gold pieces
   706 | D:1      | Found a faded altar of an unknown god.
  1169 | D:2      | Reached skill level 5 in Stealth
  1280 | D:2      | Gained mutation: You are afflicted with vampirism and can
                  | become a bat while bloodless. [Vampire growth]
  1280 | D:2      | Reached XP level 3. HP: 24/24 MP: 6/6
  1285 | D:2      | Learned a level 3 spell: Confusing Touch
  1289 | D:2      | Found Eshure's Weapon Emporium.
  1926 | D:3      | Found a glowing drain.
  2024 | D:3      | Slain by an adder

Illustrated notes

Levels and vault maps discovered:
D:1:      dpeg_arrival_chambers_temple_mockup, layout_basic, serial_shops, shop,
          chequers_ecumenical_altar_lobes
D:2:      layout_loops_corners, serial_shops, nicolae_shop_bloodbath_and_beyond
D:3:      layout_rooms, okawaru_altar_gauntlet_db, nicolae_overflow_squiral,
          gup_sewer_entry_glass

Skill      XL: |  1  2  3 |
---------------+----------+-----
Short Blades   | 2 3 |  3.2
Stealth        | 5 |  5.4
Dodging        | |  2.1
Spellcasting   | |  2.0
Hexes          | |  4.4

Action                   || total
-------------------------++-------
Melee: Dagger            ||   104
       Bite              ||    11
       Punch             ||     1
 Cast: Confusing Touch   ||     1
  Use: Scroll            ||     3
       Potion            ||     3
 Stab: Sleeping          ||    13
       Confused          ||     1
Armor: Robe              ||     3
Dodge: Dodged            ||    39
